AoeStats
← s4p

MegaRandom

508073071Analyzed
2v2 RM · 13d ago on Sep 20, 2026· 40m 57s· 4 players
Game mode
Random Map
Map size
Medium (4 player)
Population
200
Speed
Normal
Resources
Standard
Victory
Conquest
Starting age
Dark Age
Ending age
Imperial Age
RankedLock teamsTeams togetherTeam positionsShared explorationLock speedFull tech treeHidden civsTurbo modeCheats
Victory
Defeat
🇸🇰 Wei · Slovakia
1026
+18
🇸🇰 Armenians · Slovakia
1021
+19
🇨🇱 Tatars · Chile
1102
-19
🇨🇱 Mongols · Chile
1054
-18
Doppelgänger
8:48 Loom
10:45 Feudal Age
14:20 Double-Bit Axe
19:22 Castle Age
17:33 Stone Mining
18:44 Gold Mining
24:16 Fletching
27:54 Horse Collar
28:55 Ballistics
29:55 Medium Warships
31:28 Elite Skirmisher
33:00 Town Watch
33:51 Wheelbarrow
36:47 Imperial Age
34:52 Padded Archer Armor
34:47 Bodkin Arrow
36:46 Gold Shaft Mining
36:13 Heavy Plow
36:25 Bow Saw
37:49 Leather Archer Armor
38:33 Bracer
39:56 Chemistry
Tsubodai
7:10 Loom
10:05 Feudal Age
10:30 Double-Bit Axe
18:30 Gold Mining
19:35 Horse Collar
25:23 Castle Age
25:37 Fletching
25:57 Scale Barding Armor
26:55 Bow Saw
26:43 Bodkin Arrow
26:50 Husbandry
26:58 Scale Barding Armor
27:45 Ballistics
32:54 Heavy Plow
35:59 Wheelbarrow
36:12 Murder Holes
39:20 Forging
39:31 Chain Barding Armor
43:28 Imperial Age
41:23 Hand Cart
40:56 Town Watch
Chântalion
10:45 Feudal Age
11:27 Double-Bit Axe
11:58 Fishing Lines
13:54 Gold Mining
14:59 Horse Collar
25:21 Castle Age
23:15 Stone Mining
24:30 Loom
24:39 Fletching
26:43 Medium Warships
26:26 Gillnets
26:35 Bodkin Arrow
26:56 Bow Saw
26:28 Demolition Ship
32:46 Wheelbarrow
32:37 Cilician Fleet
32:52 Careening
36:19 Imperial Age
34:42 Padded Archer Armor
35:05 Ballistics
34:46 Horse Collar
37:25 Leather Archer Armor
38:14 Heavy Warships
38:33 Hand Cart
39:19 Coinage
38:44 Elite Composite Bowman
39:25 Bracer
40:31 Gold Shaft Mining
39:43 Town Watch
40:55 Ring Archer Armor
41:29 Chemistry
41:05 Dry Dock
s4p
4:51 Loom
10:07 Feudal Age
14:15 Wheelbarrow
13:58 Double-Bit Axe
15:33 Horse Collar
21:36 Castle Age
20:59 Gold Mining
20:59 Stone Mining
20:57 Town Watch
21:45 Town Watch
22:12 Fletching
22:25 Padded Archer Armor
23:12 Bloodlines
23:03 Husbandry
23:19 Bow Saw
26:13 Bodkin Arrow
27:31 Leather Archer Armor
27:59 Heavy Plow
32:06 Hand Cart
32:51 Town Patrol
35:49 Imperial Age
34:09 Tuntian
35:09 Thumb Ring
36:36 Gold Shaft Mining
36:37 Stone Shaft Mining
35:54 Capped Ram
36:36 Bracer
37:11 Parthian Tactics
37:37 Conscription
38:06 Ballistics
40:19 Chemistry
39:55 Ring Archer Armor
40:33 Onager
42:01 Crop Rotation
Connection lost

Rejoining the realm…

Still unreachable

The connection could not be restored.

Session expired

The server has moved on; the page needs a fresh start.